 Dungeon Crawl Stone Soup version 0.20-a0-633-gff4aa5c (webtiles) character file.

3311 presbutan the Covert (level 10, 0/85 HPs)
             Began as a Naga Hunter on Feb 12, 2017.
             Was a Believer of Cheibriados.
             Slain by a wyvern zombie (4 damage)
             ... on level 7 of the Dungeon.
             The game lasted 00:26:28 (9365 turns).

presbutan the Covert (Naga Hunter)                  Turns: 9365, Time: 00:26:28

Health: 0/85       AC:  8    Str: 19    XL:     10   Next: 1%
Magic:  13/13      EV: 10    Int: 17    God:    Cheibriados [**....]
Gold:   401        SH:  0    Dex: 21    Spells: 9/9 levels left

rFire    + + +     SeeInvis +   b - +2 spear (venom)
rCold    x . .     Gourm    .   C - +0 fire dragon scales
rNeg     . . .     Faith    +   (no shield)
rPois    +         Spirit   .   (no helmet)
rElec    .         Reflect  .   r - scarf {repulsion}
rCorr    .         Harm     .   D - +0 pair of gloves
MR       ++...                  (no barding)
Stlth    +++.......             E - amulet of faith
Regen    0.3/turn               (no ring)
                                e - ring of protection from fire

@: repel missiles, very slow
A: see invisible, agile 1, clever 1, deformed body, magic resistance 1, poison
resistance, slowness 2, slow metabolism 1, spit poison 1, wild magic 1, AC +3
a: Spit Poison, Bend Time, Renounce Religion


You were on level 7 of the Dungeon.
You worshipped Cheibriados.
Cheibriados was pleased with you.
You were not hungry.

You visited 2 branches of the dungeon, and saw 8 of its levels.

You collected 401 gold pieces.

Inventory:

Hand Weapons
 a - a +1 hand crossbow
 b - a +2 spear of venom (weapon)
 w - a +0 hunting sling
 H - a +1 dagger of venom
 J - a +0 dagger of holy wrath
 K - a +1 vampiric dagger
 L - a +0 shortbow
 M - a +2 dagger of draining
Missiles
 d - 42 bolts
 h - 120 arrows
 m - 36 sling bullets
 q - 290 stones (quivered)
Armour
 i - a scarf of cold resistance
 r - a scarf of repulsion (worn)
 C - +0 fire dragon scales (worn)
 D - a +0 pair of gloves (worn)
Magical Staves
 c - an uncursed staff of fire
Jewellery
 e - a ring of protection from fire (left hand)
 E - an amulet of faith (around neck)
Wands
 B - a wand of paralysis (7/24)
Scrolls
 k - a scroll of noise {unknown}
 l - a scroll of immolation {unknown}
 o - 7 scrolls of identify
 p - 3 scrolls of blinking {unknown}
 s - 3 scrolls of recharging {unknown}
 u - 4 scrolls of remove curse
 y - 5 scrolls of teleportation
 F - a scroll of magic mapping {unknown}
 G - a scroll of fear {unknown}
Potions
 g - 4 potions of curing
 j - a potion of brilliance
 v - a potion of invisibility
 x - a potion of ambrosia
 z - a potion of agility
 A - a potion of heal wounds
Comestibles
 f - 2 bread rations
 n - 3 royal jellies
 t - a fruit
 I - 3 chunks of flesh


   Skills:
 + Level 3.9 Fighting
 * Level 9.2 Crossbows
 + Level 5.1 Dodging
 + Level 10.0 Stealth
 * Level 4.4 Invocations


You had 9 spell levels left.
You didn't know any spells.

Dungeon Overview and Level Annotations

Branches:
Dungeon (7/15)             Temple (1/1) D:6

Altars:
Ashenzari
Cheibriados
Dithmenos
Elyvilon
Fedhas
Gozag
Hepliaklqana
Kikubaaqudgha
Makhleb
Nemelex Xobeh
Okawaru
Ru
Sif Muna
Trog
Uskayaw
Xom
Yredelemnul
Zin
The Shining One

Shops:
D:4 *   D:7 =


Innate Abilities, Weirdness & Mutations

You cannot wear boots.
Your serpentine skin is tough. (AC +3)
You have supernaturally acute eyesight. (SInv)
Armour fits poorly on your strangely shaped body.
Your system is resistant to poisons. (rPois)
You cover ground very slowly.
You have a slow metabolism.
You can spit poison.
You are agile. (Dex +2)
Your mind is acute. (Int +2)
You are resistant to hostile enchantments. (MR+)
Your spells are a little harder to cast, but a little more powerful.


Message History

The wyvern zombie is moderately damaged.
The wyvern zombie bites you.
The wyvern zombie bites you but does no damage.
You hit the wyvern zombie.
The wyvern zombie is heavily damaged.
The wyvern zombie barely misses you.
You hit the wyvern zombie.
The wyvern zombie is heavily damaged.
The wyvern zombie bites you! x2
* * * LOW HITPOINT WARNING * * *
You barely miss the wyvern zombie.
The wyvern zombie is heavily damaged.
The wyvern zombie bites you!
* * * LOW HITPOINT WARNING * * *
You barely miss the wyvern zombie.
The wyvern zombie is heavily damaged.
The wyvern zombie bites you!
* * * LOW HITPOINT WARNING * * *
The wyvern zombie bites you.
You die...

#.# #.#.##. #.# #......
#.# .......
#.################
######.
#................. #.
#.#...#...#...#... #.
#................. #.
###...#...#...#... ####.
#.......@Zs...... #....
#####################....
#.##...... #.##......
#......... ####...<..
#######


You could see a scorpion and a wyvern zombie.

Vanquished Creatures
  Grinder (D:5)
  3 hungry ghosts (D:7)
  Eustachio (D:5)
  Menkaure (D:5)
  The ghost of pichaelthompson the Poker, an amateur DsGl (D:3)
  An orc warrior (D:6)
  An ice beast (D:7)
  3 sky beasts
  An ogre (D:7)
  2 centaurs
  A crocodile (D:5)
  3 bullfrogs (D:6)
  A gnoll sergeant (D:6)
  3 scorpions
  2 howler monkeys
  2 crimson imps (D:5)
  2 bullfrog zombies (D:5)
  A jelly (D:5)
  A quasit (D:6)
  A centaur zombie (D:6)
  7 orc wizards
  An orc priest (D:7)
  3 bullfrog skeletons (D:5)
  A hound (D:4)
  2 iguanas
  9 worker ants
  8 gnolls
  6 adders
  An adder zombie (D:6)
  3 worms
  3 dart slugs
  7 leopard geckos
  29 orcs
  4 ball pythons
  8 bats
  4 giant cockroaches
  9 goblins
  9 hobgoblins
  6 jackals
  A ball python skeleton (D:4)
  5 frilled lizards
  A giant cockroach zombie (D:5)
  A jackal skeleton (D:6)
  6 kobolds
  A quokka skeleton (D:6)
  7 rats
174 creatures vanquished.

Notes
Turn   | Place    | Note
-------+----------+-------------------------------------------
     0 | D:1      | presbutan the Naga Hunter began the quest for the Orb.
     0 | D:1      | Reached XP level 1. HP: 19/19 MP: 1/1
   104 | D:1      | Reached skill level 2 in Stealth
   114 | D:1      | Reached XP level 2. HP: 13/26 MP: 2/2
   973 | D:1      | Reached skill level 3 in Stealth
   973 | D:1      | Reached XP level 3. HP: 32/32 MP: 3/3
  1621 | D:2      | Reached skill level 4 in Stealth
  1621 | D:2      | Reached XP level 4. HP: 8/39 MP: 4/4
  2049 | D:2      | Gained mutation: You are resistant to hostile enchantments. (MR+) [potion of mutation]
  2049 | D:2      | Gained mutation: You are agile. (Dex +2) [potion of mutation]
  2049 | D:2      | Gained mutation: Your spells are a little harder to cast, but a little more powerful. [potion of mutation]
  2049 | D:2      | Gained mutation: Your mind is acute. (Int +2) [potion of mutation]
  2504 | D:3      | Noticed pichaelthompson's ghost (amateur DsGl)
  2535 | D:3      | Killed pichaelthompson's ghost
  2535 | D:3      | Reached skill level 5 in Crossbows
  2535 | D:3      | Reached skill level 5 in Stealth
  2535 | D:3      | Reached XP level 5. HP: 15/45 MP: 5/5
  2544 | D:3      | Found an iron altar of Okawaru.
  3429 | D:4      | Found a shadowy altar of Dithmenos.
  3437 | D:4      | Found Ozutedey's General Store.
  3451 | D:4      | Found a glowing golden altar of the Shining One.
  3465 | D:4      | Found a sparkling altar of Nemelex Xobeh.
  3467 | D:4      | Found a burning altar of Makhleb.
  3606 | D:4      | Reached XP level 6. HP: 42/52 MP: 6/6
  4069 | D:4      | Reached skill level 6 in Stealth
  4609 | D:4      | Found a hide-covered altar of Uskayaw.
  4629 | D:4      | Found a shadowy altar of Dithmenos.
  4749 | D:5      | Entered Level 5 of the Dungeon
  4749 | D:5      | Noticed Eustachio
  4870 | D:5      | Reached XP level 7. HP: 49/60 MP: 7/7
  4902 | D:5      | Killed Eustachio
  5026 | D:5      | Found a bloodstained altar of Trog.
  5059 | D:5      | Reached skill level 7 in Stealth
  5328 | D:5      | Reached XP level 8. HP: 63/67 MP: 8/8
  5335 | D:5      | Found an ancient bone altar of Kikubaaqudgha.
  5706 | D:5      | Noticed Grinder
  5709 | D:5      | Killed Grinder
  5739 | D:5      | Reached skill level 8 in Stealth
  5908 | D:5      | Noticed Menkaure
  5914 | D:5      | Killed Menkaure
  6825 | D:6      | Reached XP level 9. HP: 54/73 MP: 9/9
  6840 | D:6      | Reached skill level 9 in Stealth
  6967 | D:6      | Found a staircase to the Ecumenical Temple.
  6983 | Temple   | Entered the Ecumenical Temple
  7197 | Temple   | Became a worshipper of Cheibriados the Contemplative
  7365 | D:6      | Reached skill level 1 in Invocations
  7687 | D:6      | Found a deep blue altar of Sif Muna.
  8326 | D:7      | Paralysed by fainting for 11 turns
  8471 | D:7      | Reached * piety under Cheibriados
  8592 | D:7      | Reached skill level 5 in Dodging
  8699 | D:7      | Found Uwiyle's Jewellery Shop.
  8969 | D:7      | Gained mutation: You possess an exceptional clarity of mind. [mutagenic meat]
  8972 | D:7      | Lost mutation: You possess an exceptional clarity of mind. [mutagenic meat]
  9021 | D:7      | Reached ** piety under Cheibriados
  9085 | D:7      | Found a hazy altar of Hepliaklqana.
  9234 | D:7      | Reached skill level 10 in Stealth
  9234 | D:7      | Reached XP level 10. HP: 85/85 MP: 13/13
  9365 | D:7      | HP: 4/85 [wyvern zombie (7)]
  9365 | D:7      | Slain by a wyvern zombie

Vault maps used:
D:1:      minmay_arrival_cross
D:2:      minmay_misc_feat_more_columns, hex_tiny
D:3:      okawaru_ov_weapons_minmay
D:4:      minmay_wonky_spiral, old_standard_altar,
          nicolae_overflow_hidden_temple, grunt_temple_overflow_open,
          serial_shops, nicolae_shop_statue_plus, grunt_dithmenos_smoke
D:5:      kennysheep_mini_moat, first_bread, trog_three_pillars_becter,
          uniq_grinder, uniq_eustachio, uniq_menkaure
D:6:      minmay_temple_entry_butterflies, basic_altar,
          minmay_stone_trees_medium, minmay_misc_feat_secret_circle
D:7:      lemuel_coloured_pillars_altar, kennysheep_mini, serial_shops, shop
Temple:   minmay_temple_bridge_abc

Skill      XL: |  1  2  3  4  5  6  7  8  9 |
---------------+----------------------------+-----
Stealth        | 2 3 4 5 6 7 8 10 | 10.0
Crossbows      | 4 5 6 8 9 |  9.2
Dodging        | 2 3 4 5 |  5.1
Invocations    | 4 |  4.4
Fighting       | 3 |  3.9

Action                   |  1- 3 |  4- 6 |  7- 9 | 10-12 || total
-------------------------+-------+-------+-------+-------++-------
Melee: Dagger            |    86 |    96 |   179 |       ||   361
       Short sword       |     6 |       |       |       ||     6
       Spear             |       |       |   120 |    24 ||   144
 Fire: Hand crossbow     |       |    78 |   199 |       ||   277
Throw: Stone             |       |     2 |       |       ||     2
 Abil: Spit Poison       |     3 |     3 |     5 |       ||    11
Evoke: Wand              |       |       |     1 |       ||     1
  Use: Potion            |     3 |     9 |     4 |       ||    16
       Scroll            |       |       |     8 |       ||     8
 Stab: Sleeping          |     9 |     8 |     5 |       ||    22
       Paralysed         |       |       |     2 |       ||     2
       Distracted        |       |       |       |     1 ||     1
  Eat: Chunk             |     1 |     4 |    18 |     1 ||    24
       Meat ration       |       |     1 |       |       ||     1
       Bread ration      |       |       |     2 |       ||     2
       Fruit             |       |       |     2 |       ||     2
Armor: Leather armour    |    13 |    41 |       |       ||    54
       Fire dragon scale |       |       |   215 |     6 ||   221
Dodge: Dodged            |    33 |    64 |   165 |     8 ||   270
       Deflected         |       |       |    13 |       ||    13
